 Dungeon Crawl Stone Soup version 0.16-a0-3652-g8567522 (webtiles) character file.

2989 Gronka the Fighter (level 9, -7/76 (81) HPs)
             Began as a Hill Orc Fighter on Jan 16, 2015.
             Was a Follower of Beogh.
             Mangled by a wyvern (10 damage)
             ... on level 8 of the Dungeon.
             The game lasted 00:23:04 (5723 turns).

Gronka the Fighter (Hill Orc Fighter)               Turns: 5723, Time: 00:23:06

HP:   -7/76 (81)    AC: 15    Str: 21    XL:     9   Next: 83%
MP:   9/9           EV:  6    Int:  8    God:    Beogh [*.....]
Gold: 280           SH: 11    Dex: 11    Spells: 0 memorised, 8 levels left

rFire  . . .     SeeInvis .     k - +4 flail
rCold  . . .     Clarity  .     w - +0 plate armour
rNeg   . . .     SustAb   .     c - +0 shield
rPois  .         Gourm    .     (no helmet)
rElec  .         Spirit   .     (no cloak)
rCorr  .         Warding  .     (no gloves)
rMut   .         Stasis   .     x - +0 pair of boots
MR     .....                    f - amulet of faith
Stlth  ..........               (no ring)
                                C - +3 ring of slaying

@: lethally poisoned, not resistant to hostile enchantments, extremely
unstealthy
A: no striking features
a: Renounce Religion


You were on level 8 of the Dungeon.
You worshipped Beogh.
Beogh was aware of your devotion.
You were not hungry.

You visited 1 branch of the dungeon, and saw 8 of its levels.

You collected 280 gold pieces.

Inventory:

Hand weapons
 a - a +0 flail
 k - a +4 flail (weapon)
 B - a +0 morningstar
Armour
 b - a +0 scale mail
 c - a +0 shield (worn)
 w - a +0 plate armour (worn)
 x - a +0 pair of boots (worn)
 E - a +0 chain mail
Jewellery
 f - an amulet of faith (around neck)
 C - a +3 ring of slaying (left hand)
Magical devices
 y - a wand of disintegration (18)
 D - a wand of fireball (6)
 F - a wand of flame (18)
 G - a wand of cold (10)
Scrolls
 g - 3 scrolls of immolation
 h - 4 scrolls of teleportation {unknown}
 i - 11 scrolls of identify
 m - 2 scrolls of remove curse
 n - a scroll of fog {unknown}
 o - 2 scrolls of recharging
 p - a scroll of enchant armour {unknown}
 r - a scroll of magic mapping {unknown}
 s - 4 scrolls of amnesia {unknown}
 u - a scroll of enchant weapon {unknown}
 v - a scroll of noise {unknown}
Potions
 e - a potion of might
 j - a potion of haste
 l - a potion of magic
 z - a potion of heal wounds {unknown}
 A - a potion of invisibility {unknown}
 H - a potion of poison {unknown}
Books
 J - a book of Spatial Translocations

   Spells                             Type                      Level
   a - Apportation                    Translocation                1
   b - Blink                          Translocation                2
   c - Shroud of Golubria             Charms/Translocation         2
   d - Portal Projectile              Translocation                3
   e - Teleport Other                 Translocation                3
   f - Passage of Golubria            Translocation                4
Comestibles
 d - a meat ration
 q - 2 bread rations
 t - 4 beef jerkies
 I - 2 fruits


   Skills:
 + Level 8.2 Fighting
 + Level 7.1 Maces & Flails
 + Level 7.1 Armour
 + Level 4.3 Dodging
 + Level 0.3 Stealth
 + Level 7.4 Shields


You had 8 spell levels left.
You didn't know any spells.

Dungeon Overview and Level Annotations

Branches:
Dungeon (8/15)
 Temple: D:4-7         Lair: D:8-11

Altars:
Cheibriados
Kikubaaqudgha
Okawaru
Trog
Yredelemnul
Zin

Shops:
D:6 :

Annotations:
D:3 Robin


Message History

Zapping:
y - a wand of disintegration {zapped: 2} (will waste charges)
Press: ? - help, Shift-Dir - straight line, f - wyvern, p - killer bee
Aim: a wyvern (chance 66%)
The wyvern is blasted.
Evoking this partially-identified wand wasted a few charges.
The killer bee stings you but does no damage.
You block the killer bee's attack. You block the wyvern's attack.
The killer bee stings you but does no damage.
The worker ant zombie barely misses you.
The killer bee closely misses you. The wyvern bites you!
Beogh protects you from harm!
You are too injured to fight recklessly!
You are too injured to fight recklessly!
You hit the wyvern but do no damage.
The wyvern is heavily wounded.
You feel sick. The killer bee stings you.
* * * LOW HITPOINT WARNING * * *
The killer bee stings you but does no damage.
The wyvern bites you!
You die...

... #.(.! $.. ....
#..# #.#
.....###.###.#
..Z...........#
#.<.....#
.#.......#######.
...................
...##.....yD#####..#
... #.....Z@yy.# .
##.....###...#
####### .## #


You could see a wyvern, 3 killer bees and a worker ant zombie.

Vanquished Creatures
  Pikel (D:6)
  The ghost of Vidiiot the Cutter, an experienced VSWz (D:4)
  Eustachio (D:6)
  A sky beast (D:5)
  An ice beast (D:5)
  3 orc warriors
  2 centaurs (D:7)
  3 phantoms
  2 ogres
  3 giant frogs
  A gnoll sergeant (D:5)
  A killer bee (D:8)
  A quasit (D:6)
  4 crimson imps
  A goliath beetle (D:6)
  An orc priest (D:5)
  A hound (D:4)
  2 jellies
  A centaur skeleton (D:4)
  3 worker ants (D:4)
  2 iguanas
  2 orc wizards
  8 adders
  3 gnolls (D:5)
  3 giant mites
  3 worms (D:2)
  An adder skeleton (D:5)
  An ooze (D:1)
  22 orcs
  7 bats
  19 goblins
  18 hobgoblins
  12 kobolds
  7 giant cockroaches
  7 giant geckos
  A giant gecko zombie (D:6)
  3 giant newts (D:1)
  4 jackals
  4 quokkas
  A quokka skeleton (D:4)
  A quokka zombie (D:7)
  9 rats
172 creatures vanquished.

Vanquished Creatures (others)
  Grinder (D:6)
  A slave (D:6)
  A crimson imp (D:6)
  A hound (D:6)
  An orc priest (D:5)
5 creatures vanquished.

Grand Total: 177 creatures vanquished

Notes
Turn   | Place    | Note
--------------------------------------------------------------
     0 | D:1      | Gronka, the Hill Orc Fighter, began the quest for the Orb.
     0 | D:1      | Reached XP level 1. HP: 19/19 MP: 1/1
   205 | D:1      | Reached XP level 2. HP: 27/27 MP: 2/2
   297 | D:1      | Reached skill level 4 in Fighting
   691 | D:1      | Reached XP level 3. HP: 33/33 MP: 3/3
  1125 | D:2      | Found a basalt altar of Yredelemnul.
  1232 | D:2      | Found a glowing silver altar of Zin.
  1442 | D:2      | Reached XP level 4. HP: 32/41 MP: 4/4
  1771 | D:2      | Noticed a giant frog
  1775 | D:2      | Killed a giant frog
  1775 | D:2      | Reached skill level 5 in Fighting
  1775 | D:2      | Reached XP level 5. HP: 46/48 MP: 5/5
  1913 | D:3      | Found a bloodstained altar of Trog.
  2003 | D:3      | Reached skill level 1 in Dodging
  2078 | D:3      | Noticed Robin
  2355 | D:4      | Noticed Vidiiot's ghost (experienced VSWz)
  2364 | D:4      | Killed Vidiiot's ghost
  2364 | D:4      | Reached XP level 6. HP: 37/51 MP: 6/6
  2646 | D:4      | Reached XP level 7. HP: 54/56 MP: 7/7
  2689 | D:4      | Reached skill level 5 in Shields
  2698 | D:4      | Noticed a phantom
  2730 | D:4      | Killed a phantom
  2730 | D:4      | Reached skill level 5 in Armour
  3061 | D:4      | Reached skill level 6 in Fighting
  3088 | D:5      | Entered Level 5 of the Dungeon
  3152 | D:5      | Reached XP level 8. HP: 58/65 MP: 8/8
  3223 | D:5      | Reached skill level 5 in Maces & Flails
  3279 | D:5      | Found an ancient bone altar of Kikubaaqudgha.
  3812 | D:5      | Became a worshipper of Beogh the Brigand
  4217 | D:6      | Noticed Eustachio
  4229 | D:6      | Killed Eustachio
  4229 | D:6      | Reached skill level 7 in Fighting
  4245 | D:6      | Noticed Pikel
  4248 | D:6      | Noticed Grinder
  4264 | D:6      | Killed Pikel
  4264 | D:6      | Reached XP level 9. HP: 41/75 MP: 9/9
  4270 | D:6      | Paralysed by Grinder for 6 turns
  4345 | D:6      | Killed Grinder
  4471 | D:6      | Acquired Beogh's first power
  4523 | D:6      | Found Ranyusus' Book Shoppe.
  4636 | D:6      | Found a bloodstained altar of Trog.
  4775 | D:6      | Found an iron altar of Okawaru.
  4776 | D:6      | Found a snail-covered altar of Cheibriados.
  5107 | D:7      | Reached skill level 8 in Fighting
  5722 | D:8      | Beogh protects you from harm!
  5723 | D:8      | HP: 3/76 [killer bee (2)]
  5723 | D:8      | Mangled by a wyvern

Action                   |  1- 3 |  4- 6 |  7- 9 || total
-------------------------+-------+-------+-------++-------
Melee: Flail             |    95 |   112 |   356 ||   563
Invok: Convert to Beogh  |       |       |     1 ||     1
Evoke: Wand              |       |       |     2 ||     2
  Use: Potion            |       |     5 |     1 ||     6
       Scroll            |       |       |     5 ||     5
  Eat: Meat ration       |     1 |     1 |     2 ||     4
